Map: Kairos Junction LE

Players

Mez

  • Race: Terran Terran
  • League: Master
  • Spawn Location: 5:00

Kildzhen - Winner!

  • Race: Protoss Protoss
  • League: Master
  • Spawn Location: 11:00

VOD

Have the link to the VOD?

Description

Time

  • Played on: Aug. 11, 2019, 6:52 p.m.
  • Length: 19:10
Show
View Real Time Build Order
Export as new Build Order

Mez Terran 

Build Orders: Reaper Expand 

Get SALT Encoding   

  12  0:00  SCV  
  13  0:13  SCV  
  14  0:17  Supply Depot  
  14  0:25  SCV  
  15  0:39  SCV  
  15  0:40  Barracks  
  16  0:45  Refinery  
  16  0:51  SCV  
  17  1:03  SCV  
  18  1:16  SCV  
  19  1:28  Reaper, Orbital Command  
  20  1:45  Command Center  
  20  1:52  Bunker  
  20  1:56  SCV  
  21  2:04  Barracks Reactor  
  21  2:09  SCV  
  21  2:11  Supply Depot  
  22  2:25  SCV  
  23  2:37  SCV  
  23  2:40  Command Center  
  24  2:46  Factory  
  24  2:51  Marine x2  
  24  2:53  SCV  
  27  3:00  Orbital Command  
  27  3:07  Refinery  
  27  3:08  SCV  
  27  3:12  Marine x2  
  30  3:20  SCV  
  30  3:26  SCV  
  32  3:30  Widow Mine, Marine x2  
  32  3:32  SCV  
  37  3:36  Starport  
  37  3:39  SCV  
  38  3:44  SCV  
  39  3:48  Marine  
  39  3:49  Marine  
  39  3:51  Widow Mine, SCV  
  44  3:58  Orbital Command  
  44  4:01  Refinery, SCV  
  45  4:03  SCV  
  45  4:09  Marine x2  
  48  4:13  SCV  
  48  4:14  Factory Tech Lab  
  48  4:15  SCV, Starport Tech Lab  
  50  4:23  Supply Depot  
  50  4:25  SCV  
  50  4:27  SCV, Marine x2  
  50  4:30  SCV  
  55  4:33  Raven  
  57  4:38  Barracks  
  57  4:40  SCV x2  
  57  4:44  Siege Tank  
  57  4:45  Marine  
  63  4:49  Supply Depot  
  63  4:50  SCV  
  63  4:52  SCV  
  65  4:54  SCV  
  65  4:58  Refinery  
  65  4:59  Barracks  
  66  5:05  Marine x2  
  66  5:06  SCV  
  69  5:10  SCV x2  
  60  5:43  Marine x2  
  58  5:52  Barracks  
  58  5:53  Barracks  
  58  5:54  Starport Reactor  
  58  5:55  Factory Reactor  
  56  5:59  Stimpack  
  56  6:02  Engineering Bay, SCV x2  
  58  6:05  Engineering Bay  
  58  6:12  SCV  
  58  6:14  SCV  
  58  6:15  Combat Shield  
  58  6:17  Marine x2, Marauder  
  64  6:20  SCV  
  64  6:25  SCV  
  66  6:32  Supply Depot  
  66  6:36  Supply Depot  
  65  6:41  Supply Depot  
  63  6:48  Marine x3  
  60  7:08  Marine  
  60  7:09  Marine x4  
  60  7:19  SCV x2  
  62  7:38  Widow Mine x2  
  62  7:40  Medivac x2  
  70  7:44  SCV x3  
  73  7:56  SCV x2  
  73  7:57  SCV  
  76  7:58  Supply Depot  
  76  7:59  Supply Depot  
  76  8:00  Supply Depot  
  76  8:01  Marauder x2  
  80  8:09  Barracks Reactor, Barracks Tech Lab  
  80  8:10  Marine x2  
  80  8:11  SCV x3  
  85  8:20  Medivac x2  
  85  8:21  Widow Mine  
  85  8:22  Widow Mine  
  85  8:23  SCV  
  85  8:24  SCV x2  
  85  8:26  Supply Depot  
  96  8:35  SCV  
  96  8:36  SCV  
  96  8:39  SCV  
  96  8:40  Marine x3, Marauder x2  
  106  8:43  Terran Infantry Armor Level 1, Terran Infantry Weapons Level 1  
  106  8:45  Widow Mine  
  106  8:48  Widow Mine  
  110  8:50  Supply Depot  
  110  8:53  Supply Depot  
  110  8:57  Supply Depot  
  109  9:13  Marine  
  109  9:14  Marine, Marauder x3  
  117  9:18  SCV x2  
  117  9:19  Widow Mine x2  
  123  9:26  Marine x2, Supply Depot  
  125  9:33  Ghost Academy  
  125  9:35  Marauder  
  117  9:49  Missile Turret  
  117  9:50  Missile Turret  
  101  10:02  SCV x2  
  95  10:10  Orbital Command  
  90  10:14  SCV x2  
  90  10:15  Widow Mine x2  
  96  10:25  Missile Turret  
  96  10:26  SCV x2  
  98  10:29  Supply Depot  
  98  10:36  Widow Mine x2  
  98  10:38  SCV x2  
  98  10:39  Medivac x2  
  108  10:43  Supply Depot  
  108  10:45  SCV  
  109  10:50  SCV  
  109  10:51  SCV  
  109  10:56  Missile Turret  
  111  10:57  SCV  
  111  11:01  Widow Mine  
  111  11:02  Widow Mine, Bunker, SCV  
  111  11:03  SCV  
  118  11:07  Armory  
  118  11:09  SCV  
  119  11:15  SCV x2  
  121  11:21  SCV  
  121  11:22  Marine x4  
  121  11:24  Ghost x3  
  132  11:27  SCV x2  
  132  11:32  Supply Depot  
  134  11:51  Orbital Command  
  134  11:52  Ghost  
  132  11:59  Bunker  
  132  12:03  Ghost x2  
  132  12:04  Marine x4  
  132  12:05  Widow Mine x2  
  144  12:21  Ghost  
  146  12:24  Marine x2  
  146  12:26  Medivac x2  
  146  12:29  Terran Infantry Armor Level 2, Terran Infantry Weapons Level 2  
  152  12:31  Barracks x2  
  152  12:33  Barracks  
  152  12:35  Refinery  
  152  12:37  Refinery  
  152  12:39  Marine, Marauder  
  152  12:41  Supply Depot  
  151  13:00  Command Center  
  151  13:07  Ghost x3, Marine x2  
  151  13:09  Sensor Tower  
  154  13:25  Liberator x2  
  151  13:30  Marine  
  151  13:31  Barracks Reactor, Barracks Tech Lab x2  
  151  13:33  Marine x3  
  155  13:36  Marauder x2  
  155  13:38  Bunker  
  161  13:41  Widow Mine x2  
  161  13:46  Terran Ship Weapons Level 1  
  169  13:50  Starport  
  169  14:06  Ghost x2  
  169  14:07  Marine x2  
  169  14:08  Marine, Marauder x2  
  180  14:10  Marine  
  180  14:11  Marine x2  
  183  14:28  Refinery  
  183  14:31  Refinery  
  183  14:43  Liberator  
  183  14:59  Marine  
  181  15:00  Marauder  
  181  15:12  Command Center  
  181  15:42  Marine  
  181  15:43  Marine x3  
  181  15:46  Marauder  
  180  15:51  Ghost x2  
  180  15:52  Marine  
  122  16:47  Supply Depot x2  
  122  16:49  Supply Depot  
Show
View Real Time Build Order
Export as new Build Order

Kildzhen Protoss - Winner!

Build Orders: 1 Gate Expand, Zealot Archon, Archon Drop, Dark Templar Rush 

Get SALT Encoding   

  12  0:01  Probe  
  13  0:13  Probe  
  14  0:19  Pylon  
  14  0:25  Probe  
  15  0:33  Probe  
  16  0:44  Probe, Gateway  
  17  0:53  Assimilator  
  17  0:56  Probe  
  18  1:08  Probe  
  19  1:11  Assimilator  
  19  1:20  Probe  
  21  1:34  Nexus  
  21  1:43  Cybernetics Core  
  20  1:48  Pylon  
  20  1:51  Probe  
  21  2:03  Probe  
  22  2:10  Pylon  
  22  2:11  Stalker  
  22  2:12  Warp Gate  
  22  2:15  Probe  
  25  2:29  Probe  
  26  2:33  Twilight Council  
  25  2:41  Probe  
  26  2:45  Stalker  
  28  2:53  Probe  
  29  2:59  Robotics Facility  
  29  3:01  Probe x2  
  31  3:09  Probe  
  31  3:13  Probe  
  33  3:28  Dark Shrine  
  33  3:29  Probe x2  
  33  3:32  Assimilator  
  35  3:38  Gateway  
  36  3:41  Probe  
  36  3:45  Gateway  
  36  3:47  Observer  
  36  3:48  Probe  
  38  3:53  Probe  
  39  4:00  Probe  
  40  4:04  Stalker, Warp Prism  
  40  4:05  Probe, Pylon  
  43  4:12  Probe  
  46  4:17  Probe  
  47  4:26  Charge  
  47  4:27  Gateway  
  47  4:28  Probe  
  47  4:30  Probe  
  49  4:36  Pylon  
  49  4:40  Probe, Dark Templar  
  49  4:43  Probe  
  54  4:52  Probe  
  54  5:05  Probe  
  55  5:09  Assimilator  
  55  5:10  Gateway  
  55  5:12  Dark Templar  
  55  5:13  Dark Templar  
  55  5:14  Gateway  
  57  5:43  Dark Templar x2  
  57  5:49  Observer  
  59  5:57  Dark Templar  
  59  5:58  Archon  
  59  6:04  Archon  
  61  6:05  Zealot x2  
  61  6:06  Probe x2  
  61  6:10  Gateway  
  67  6:12  Pylon  
  67  6:14  Zealot, Pylon x2  
  67  6:18  Pylon  
  69  6:32  Zealot x5  
  73  6:47  Zealot  
  71  6:54  Zealot x2  
  71  6:55  Zealot x3  
  71  7:00  Probe x2  
  67  7:11  Warp Prism  
  67  7:12  Probe x2  
  63  7:17  Dark Templar x4  
  63  7:18  Dark Templar x2  
  63  7:22  Archon x3  
  71  7:24  Probe  
  71  7:25  Probe  
  71  7:28  Pylon  
  73  7:36  Probe, Nexus  
  74  7:41  Pylon  
  74  7:49  Dark Templar  
  74  7:51  Probe x2  
  78  8:02  Blink  
  78  8:03  Templar Archives  
  78  8:06  Forge  
  78  8:07  Gateway  
  78  8:08  Gateway  
  78  8:09  Pylon x2  
  78  8:10  Probe x2  
  80  8:19  Stalker x4  
  88  8:21  Protoss Ground Weapons Level 1  
  88  8:29  Zealot x3  
  88  8:32  Shield Battery  
  94  8:40  Observer  
  94  8:44  Probe x2  
  94  8:46  Stalker x2  
  94  8:47  Stalker  
  94  8:48  Stalker  
  104  8:49  Probe  
  105  8:56  Assimilator, Probe x2  
  105  8:57  Assimilator  
  105  9:01  Probe  
  105  9:02  Pylon x2  
  108  9:11  Stalker x3  
  108  9:15  Stalker  
  115  9:20  Probe  
  116  9:26  Zealot x3  
  116  9:29  Stalker x2  
  126  9:48  Zealot x2  
  126  9:49  Zealot x4  
  138  9:58  Protoss Ground Armor Level 1  
  114  10:01  Zealot x3  
  106  10:09  Warp Prism  
  106  10:11  Zealot x5  
  108  10:17  Dark Templar  
  108  10:18  Probe  
  108  10:19  Probe  
  112  10:23  Dark Templar  
  114  10:28  Probe  
  114  10:29  Psionic Storm  
  114  10:34  Zealot x6  
  127  10:38  Forge  
  127  10:45  Dark Templar  
  127  10:46  Observer  
  130  10:56  Zealot  
  130  10:57  Zealot x5  
  140  11:05  Photon Cannon, Protoss Ground Weapons Level 2  
  140  11:07  Observer  
  139  11:24  High Templar  
  139  11:25  High Templar x5  
  151  11:28  Archon  
  151  11:29  Archon x2  
  151  11:30  Zealot x2  
  151  11:32  Zealot  
  153  11:56  High Templar x2  
  157  12:07  High Templar  
  159  12:09  Nexus  
  159  12:12  Assimilator  
  159  12:14  Assimilator  
  155  12:17  Pylon  
  155  12:18  Stalker x4, Photon Cannon  
  155  12:21  Pylon  
  153  12:32  High Templar, Photon Cannon  
  153  12:35  Zealot x3  
  161  12:38  Probe  
  161  12:41  Dark Templar  
  161  12:44  Probe  
  165  12:46  Probe  
  165  12:47  Nexus  
  165  12:51  Probe  
  167  12:56  Probe  
  167  12:58  Probe  
  165  13:03  Probe  
  166  13:05  Warp Prism  
  166  13:07  Protoss Ground Armor Level 2  
  166  13:08  Probe  
  166  13:10  Probe  
  170  13:15  Probe  
  161  13:36  High Templar x3  
  161  13:37  High Templar  
  169  13:43  Pylon  
  169  13:44  Dark Templar  
  169  13:47  Zealot x4  
  179  13:54  Probe  
  180  13:57  Robotics Facility  
  180  13:59  Robotics Bay  
  180  14:03  Probe x3  
  180  14:06  Probe  
  184  14:15  Probe x2, Observer  
  184  14:16  Probe  
  188  14:18  Probe  
  188  14:19  Photon Cannon  
  188  14:22  Photon Cannon  
  188  14:24  Photon Cannon  
  189  14:26  Photon Cannon  
  189  14:27  Photon Cannon x2, Probe  
  189  14:28  Photon Cannon  
  189  14:29  Photon Cannon, Probe  
  191  14:34  Assimilator  
  191  14:36  Observer  
  191  14:37  Assimilator  
  190  14:38  Probe x2  
  190  14:41  Probe  
  189  14:53  Colossus  
  189  14:54  Extended Thermal Lance  
  173  15:02  High Templar  
  173  15:03  High Templar x3  
  173  15:06  Colossus  
  193  15:26  Zealot x2  
  193  15:27  Zealot x2  
  199  15:39  Pylon  
  199  15:42  Pylon  
  199  15:48  Observer  
  176  16:20  Colossus  
  153  16:36  High Templar x3  
  153  16:37  High Templar x5  
  162  16:43  Gateway  
  162  16:45  Gateway  
  162  16:46  Gateway x2  
  162  16:49  Pylon  
  151  17:14  Archon  
  150  17:45  Pylon x2  
  150  17:48  Pylon  
  150  17:50  Pylon  
  150  17:56  Pylon  
  144  18:07  Archon  
  144  18:09  Colossus  
  140  18:19  Archon  
  124  18:20  Archon x2  
  124  18:26  Zealot  
  124  18:27  Zealot x3  
  84  18:48  Zealot x3  
  83  18:54  Probe x2  
  81  19:08  Zealot  
Tags
 
Add a new tag
Caveats
  • Supply blocks, unpowered buildings, or Contaminate may cause inaccurate times.
  • Supply counts are checked every 10 seconds.